 Dungeon Sprint DCSS version 0.29-a0-563-g64e4043184 (webtiles) character file.

Game seed: 4917138961303234430

33278 mhtbhm the Slayer (level 13, -1/223 HPs)
             Began as a Minotaur Berserker on June 11, 2022.
             Was the Champion of Trog.
             Slain by a snapping turtle (22 damage)
             ... in the Dungeon (Sprint IX: "|||||||||||||||||||||||||||||").
             The game lasted 00:07:49 (4986 turns).

mhtbhm the Slayer (Minotaur Berserker)              Turns: 4986, Time: 00:07:50

Health: -1/223     AC: 19    Str: 29 (30) XL:     13   Next: 35%
Magic:  12/12      EV: 14    Int:  8      God:    Trog [******]
Gold:   381        SH:  0    Dex:  7 (8)  Spells: 12/12 levels left

rFire   . . .      SeeInvis .   a - +2 rapier of the Extremes {elec, rElec rPois Str-2 Stlth+}
rCold   . . .      Faith    +   (no shield)
rNeg    . . .      Spirit   .   b - +4 troll leather armour "Xeas" {Harm Regen+ Int+4 Dex-3}
rPois   +          Reflect  .   (helmet restricted)
rElec   +          Harm     +   w - +0 cloak
rCorr   .          Rampage  .   l - +0 pair of gloves
Will    .....      NoTele   +   k - +0 pair of boots
Stlth   ..........              q - amulet of the Firefly {Faith Fly rPois}
HPRegen 1.27/turn               m - +2 ring of protection
MPRegen 0.13/turn               r - +6 ring of strength

@: berserking (expiring), flying, very quick
A: horns 2, retaliatory headbutt
a: Renounce Religion, Berserk, Trog's Hand, Brothers in Arms


You were in the Dungeon.
You worshipped Trog.
Trog was exalted by your worship.
You visited 1 branch You collected 1833 gold pieces.
You spent 1452 gold pieces at shops.

Inventory:

Hand Weapons
 a - the +2 rapier of the Extremes (weapon) {elec, rElec rPois Str-2 Stlth+}
   (You found it in the Dungeon)

   It occasionally discharges a powerful burst of electricity upon striking a
   foe.
   Str:       It affects your strength (-2).
   rElec:     It insulates you from electricity.
   rPois:     It protects you from poison.
   Stlth:     It makes you more stealthy.
 u - a +7 vorpal quick blade
 A - the +14 obsidian axe {vorpal, Mesm Drain Fly SInv}
   (You found it in the Dungeon)

   It inflicts extra damage upon your enemies.
   It occasionally summons demons to assist the wielder when it strikes in
   combat.
   Its wielder is mesmerised by any visible foes.
   It cannot be unequipped while any foes are visible.
   SInv:      It lets you see invisible.
   Fly:       It grants you flight.
   Drain:     It drains your maximum health when unequipped.
Armour
 b - the +4 troll leather armour "Xeas" (worn) {Harm Regen+ Int+4 Dex-3}
   (You found it in the Dungeon)

   Int:       It affects your intelligence (+4).
   Dex:       It affects your dexterity (-3).
   Regen:     It increases your rate of health regeneration.
   Harm:      It increases damage dealt and taken.
 k - a +0 pair of boots (worn)
 l - a +0 pair of gloves (worn)
 w - a +0 cloak (worn)
Jewellery
 m - a +2 ring of protection (left hand)
 n - a ring of willpower
 p - a ring of resist corrosion
 q - the amulet of the Firefly (around neck) {Faith Fly rPois}
   (You bought it in a shop in the Dungeon)

   [amulet of faith]

   It allows you to gain divine favour quickly.
   rPois:     It protects you from poison.
   Fly:       It grants you flight.
 r - a +6 ring of strength (right hand)
 x - a ring of ice
 y - a ring of protection from cold
 z - a ring of protection from cold
Scrolls
 h - a scroll of blinking
 s - 3 scrolls of identify
 t - 4 scrolls of enchant armour
 v - a scroll of silence
Potions
 c - 8 potions of curing
 e - 2 potions of haste
 f - 4 potions of magic
 g - a potion of berserk rage
 i - a potion of invisibility
 B - a potion of mutation


   Skills:
 + Level 23.7 Fighting
 + Level 22.7 Short Blades
 + Level 0.2 Throwing
 + Level 20.5 Armour
 + Level 12.6 Dodging
 + Level 4.3 Stealth
 + Level 4.8 Evocations


You had 12 spell levels left.
You didn't know any spells.
Your spell library was empty.

Dungeon Overview and Level Annotations

Branches:
Dungeon (1/1)

Altars:
Cheibriados
Dithmenos
Elyvilon
Fedhas
Gozag
Hepliaklqana
Kikubaaqudgha
Makhleb
Nemelex Xobeh
Okawaru
Qazlal
Ru
Sif Muna
Trog
Uskayaw
Vehumet
Wu Jian
Xom
Yredelemnul
Zin
The Shining One
Beogh
Jiyva
Lugonu

Shops:
D ((=[


Innate Abilities, Weirdness & Mutations

You have a pair of horns on your head.
You reflexively headbutt those who attack you in melee.


Message History

Unknown command.
You feel sick.
You feel sick.
You feel sick.
You feel better.
A red film seems to cover your vision as you go berserk!
You feel yourself moving faster!
You feel mighty!
You are too injured to fight recklessly!
You start resting.
You feel a strong urge to attack something.
You hit the snapping turtle but do no damage.
You headbutt the snapping turtle!
The snapping turtle is lightly wounded.
You hit the snapping turtle but do no damage.
Your headbutt misses the snapping turtle.
The snapping turtle is lightly wounded.
You hit the snapping turtle. You headbutt the snapping turtle!
The snapping turtle is moderately wounded.
You hit the snapping turtle.
The snapping turtle is moderately wounded.
The snapping turtle bites you!!
* * * LOW HITPOINT WARNING * * *
You hit the snapping turtle but do no damage.
Lightning courses through the snapping turtle!
The snapping turtle is severely wounded.
You hit the snapping turtle.
Lightning courses through the snapping turtle!
The snapping turtle is almost dead.
The snapping turtle closely misses you.
You puncture the snapping turtle!
Lightning courses through the snapping turtle!
You kill the snapping turtle!
Trog accepts your kill.
The snapping turtle bites you but does no damage.
You see here a snapping turtle corpse.
You hit the snapping turtle.
You headbutt the snapping turtle, but do no damage.
The snapping turtle is lightly wounded.
The snapping turtle bites you!!
You die...

▓▓▓▓▓▓▓▓▓▓▓▓▓▓▓▓▓▓▓
▓<▓...▓...▓...▓.@t▓
▓.▓.▓.▓.▓.▓.▓.▓.▓.▓
▓.▓.▓.▓.▓.▓.▓.▓.▓.▓
▓.▓.▓.▓.▓.▓.▓.▓.▓.▓
▓†▓.▓.▓.▓.▓.▓.▓.▓.▓
▓†▓.▓.▓.▓.▓.▓.▓.▓.▓
▓†▓.▓.▓.▓.▓.▓.▓.▓.▓
▓.▓.▓'▓.▓)▓.▓.▓.▓.▓
▓.▓.▓.▓)▓.▓.▓.▓.▓)▓


You could see a snapping turtle.

Vanquished Creatures
  Rupert (D)
  A fire giant (D)
  A frost giant (D)
  A ghost moth (D)
  A stone giant (D)
  An ettin (D)
  A merfolk impaler (D)
  A fire dragon (D)
  Erolcha (D)
  4 hydras (D)
  A boulder beetle (D)
  A centaur warrior (D)
  A jorogumo (D)
  A two-headed ogre (D)
  A tengu warrior (D)
  7 orc high priests (D)
  2 steelbarb worms (D)
  A pharaoh ant (D)
  A sea snake (D)
  An orb spider (D)
  2 wizards (D)
  A harpy (D)
  7 orc knights (D)
  2 ugly things (D)
  2 manticores (D)
  2 cyclopes (D)
  A black mamba (D)
  An unseen horror (D)
  A demonic crawler (D)
  A komodo dragon (D)
  3 merfolk (D)
  A troll (D)
  2 tyrant leeches (D)
  2 blink frogs (D)
  2 slime creatures (D)
  A tarantella (D)
  A snapping turtle (D)
  A jumping spider (D)
  A water elemental (D)
  A wraith (D)
  A wyvern (D)
  3 vampire mosquitoes (D)
  An acid dragon (D)
  4 water moccasins (D)
  4 orc warriors (D)
  2 wolves (D)
  A centaur (D)
  A kobold brigand (D)
  7 bullfrogs (D)
  A hound (D)
  A jelly (D)
  3 orc priests (D)
  4 orc wizards (D)
  7 orcs (D)
  A bat (D)
  2 endoplasms (D)
  A jackal (D)
  2 frilled lizards (D)
111 creatures vanquished.

Vanquished Creatures (collateral kills)
  2 orc knights (D)
  6 orc warriors (D)
  An orc priest (D)
9 creatures vanquished.

Grand Total: 120 creatures vanquished

Notes
Turn   | Place    | Note
-------+----------+-------------------------------------------
     0 | D        | mhtbhm the Minotaur Berserker began the quest for the Orb.
     0 | D        | Reached XP level 1. HP: 19/19 MP: 0/0
     5 | D        | Reached skill level 4 in Fighting
     8 | D        | Reached ** piety under Trog
   159 | D        | Noticed a hound
   159 | D        | Noticed a jelly
   162 | D        | Reached *** piety under Trog
   163 | D        | Reached skill level 5 in Fighting
   163 | D        | Reached XP level 2. HP: 29/29 MP: 1/1
   165 | D        | Reached skill level 6 in Fighting
   165 | D        | Reached skill level 5 in Short Blades
   165 | D        | Reached XP level 3. HP: 38/38 MP: 2/2
   168 | D        | Reached skill level 7 in Fighting
   168 | D        | Reached XP level 4. HP: 47/47 MP: 3/3
   172 | D        | Found a snail-covered altar of Cheibriados.
   172 | D        | Found a shadowy altar of Dithmenos.
   172 | D        | Found a white marble altar of Elyvilon.
   172 | D        | Found a blossoming altar of Fedhas.
   172 | D        | Found an opulent altar of Gozag.
   173 | D        | Found a hazy altar of Hepliaklqana.
   174 | D        | Found a viscous altar of Jiyva.
   175 | D        | Found an ancient bone altar of Kikubaaqudgha.
   176 | D        | Found a corrupted altar of Lugonu.
   177 | D        | Found a burning altar of Makhleb.
   178 | D        | Found a sparkling altar of Nemelex Xobeh.
   179 | D        | Found an iron altar of Okawaru.
   180 | D        | Found a stormy altar of Qazlal.
   181 | D        | Found a sacrificial altar of Ru.
   182 | D        | Found a shimmering blue altar of Sif Muna.
   185 | D        | Found a bloodstained altar of Trog.
   186 | D        | Found a hide-covered altar of Uskayaw.
   187 | D        | Found a radiant altar of Vehumet.
   188 | D        | Found an ornate altar of the Wu Jian Council.
   189 | D        | Found a shimmering altar of Xom.
   190 | D        | Found a basalt altar of Yredelemnul.
   191 | D        | Found a glowing silver altar of Zin.
   192 | D        | Found a glowing golden altar of the Shining One.
   209 | D        | Got the +2 rapier of the Extremes {elec, rElec rPois Str-2
                  | Stlth+}
   349 | D        | Noticed a centaur
   349 | D        | Noticed a two-headed ogre
   349 | D        | Noticed an orc warrior
   349 | D        | Noticed a kobold brigand
   349 | D        | Noticed an acid dragon
   354 | D        | Killed an unseen horror
   355 | D        | Reached skill level 10 in Fighting
   355 | D        | Reached skill level 10 in Short Blades
   355 | D        | Reached skill level 5 in Armour
   355 | D        | Reached skill level 5 in Dodging
   355 | D        | Reached skill level 1 in Stealth
   355 | D        | Reached XP level 5. HP: 58/58 MP: 4/4
   355 | D        | Reached XP level 6. HP: 66/66 MP: 5/5
   359 | D        | Killed a two-headed ogre
   359 | D        | Reached **** piety under Trog
   360 | D        | Reached skill level 12 in Fighting
   360 | D        | Reached XP level 7. HP: 65/78 MP: 6/6
   366 | D        | Reached XP level 8. HP: 62/85 MP: 7/7
   377 | D        | Reached ***** piety under Trog
   378 | D        | Reached skill level 13 in Fighting
   586 | D        | Noticed a troll
   586 | D        | Noticed a centaur warrior
   586 | D        | Noticed a cyan ugly thing
   586 | D        | Noticed a manticore
   586 | D        | Noticed a tengu warrior
   589 | D        | Killed a troll
   595 | D        | Killed a centaur warrior
   596 | D        | Reached skill level 14 in Fighting
   596 | D        | Reached XP level 9. HP: 96/96 MP: 8/8
   603 | D        | Killed a cyan ugly thing
   604 | D        | Reached skill level 15 in Short Blades
   608 | D        | Killed a manticore
   609 | D        | Reached skill level 15 in Fighting
   617 | D        | Killed a tengu warrior
   618 | D        | Reached skill level 10 in Armour
   872 | D        | Noticed a four-headed hydra
   872 | D        | Noticed a komodo dragon
   875 | D        | Noticed a boulder beetle
   877 | D        | Killed a four-headed hydra
   877 | D        | Received a gift from Trog
   878 | D        | Reached skill level 16 in Fighting
   878 | D        | Reached XP level 10. HP: 107/107 MP: 9/9
   931 | D        | Killed a boulder beetle
  1337 | D        | Noticed a five-headed hydra
  1340 | D        | Noticed a black mamba
  1345 | D        | Killed a five-headed hydra
  1345 | D        | Received a gift from Trog
  1346 | D        | Reached skill level 17 in Fighting
  1346 | D        | Reached skill level 1 in Evocations
  1354 | D        | Reached ****** piety under Trog
  1362 | D        | Killed a black mamba
  1364 | D        | Received a gift from Trog
  1434 | D        | Reached XP level 11. HP: 108/117 MP: 10/10
  1453 | D        | Received a gift from Trog
  1454 | D        | Reached skill level 10 in Dodging
  1780 | D        | Noticed an orc knight
  1799 | D        | Killed an orc knight
  1801 | D        | Received a gift from Trog
  1812 | D        | Reached skill level 18 in Fighting
  1821 | D        | Received a gift from Trog
  2060 | D        | Noticed an orc knight
  2060 | D        | Noticed an orc knight
  2073 | D        | Killed an orc knight
  2093 | D        | Killed an orc knight
  2099 | D        | Reached skill level 15 in Armour
  2101 | D        | Received a gift from Trog
  2458 | D        | Found Vidgh's Antique Weapon Emporium.
  2458 | D        | Noticed an orc high priest
  2458 | D        | Noticed an orc high priest
  2458 | D        | Noticed an orc high priest
  2458 | D        | Noticed an orc high priest
  2458 | D        | Noticed an orc knight
  2459 | D        | Noticed an orc knight
  2466 | D        | Killed an orc high priest
  2467 | D        | Noticed an orc knight
  2471 | D        | Killed an orc high priest
  2472 | D        | Found Xaad Man's Antique Weapon Shoppe.
  2475 | D        | Noticed an orc knight
  2477 | D        | Killed an orc high priest
  2477 | D        | Received a gift from Trog
  2478 | D        | Noticed a sixfirhy
  2480 | D        | Noticed an orc high priest
  2482 | D        | Found Gydiuschu's Jewellery Emporium.
  2486 | D        | Killed an orc high priest
  2486 | D        | Noticed an orc knight
  2487 | D        | Reached skill level 19 in Fighting
  2490 | D        | Killed an orc knight
  2504 | D        | Killed an orc knight
  2617 | D        | Killed an orc knight
  2895 | D        | Killed an orc knight
  3091 | D        | Killed an orc high priest
  3122 | D        | Killed an orc knight
  3122 | D        | Received a gift from Trog
  3123 | D        | Reached XP level 12. HP: 85/132 MP: 11/11
  3260 | D        | Noticed an orc high priest
  3269 | D        | Killed an orc high priest
  3270 | D        | Reached skill level 20 in Fighting
  3427 | D        | Found Keczeily's Antique Armour Shoppe.
  3500 | D        | Noticed an orc high priest
  3508 | D        | Killed an orc high priest
  3549 | D        | Bought the amulet of the Firefly {Faith Fly rPois} for 692
                  | gold pieces
  3570 | D        | Bought a +6 ring of strength for 760 gold pieces
  3621 | D        | Noticed Erolcha
  3637 | D        | Killed Erolcha
  3637 | D        | Received a gift from Trog
  3834 | D        | Found the +14 obsidian axe {vorpal, Mesm Drain Fly SInv}
  3866 | D        | Got the +4 troll leather armour "Xeas" {Harm Regen+ Int+4
                  | Dex-3}
  3898 | D        | Noticed an eight-headed hydra
  3902 | D        | Noticed a five-headed hydra
  3919 | D        | Killed an eight-headed hydra
  3920 | D        | Noticed a stone giant
  3922 | D        | Received a gift from Trog
  3929 | D        | Noticed an ettin
  3932 | D        | Killed a five-headed hydra
  3933 | D        | Reached skill level 21 in Fighting
  3933 | D        | Noticed a fire dragon
  3940 | D        | Noticed a frost giant
  3944 | D        | Killed a stone giant
  4053 | D        | Killed an ettin
  4060 | D        | Killed a fire dragon
  4068 | D        | Killed a frost giant
  4284 | D        | Noticed a fire giant
  4294 | D        | Killed a fire giant
  4294 | D        | Received a gift from Trog
  4295 | D        | Reached skill level 22 in Fighting
  4450 | D        | Noticed Rupert
  4470 | D        | Killed Rupert
  4471 | D        | Reached XP level 13. HP: 21/146 MP: 12/12
  4639 | D        | Received a gift from Trog
  4661 | D        | Paralysed by a jorogumo for 2 turns
  4669 | D        | Reached skill level 23 in Fighting
  4689 | D        | Killed a ghost moth
  4887 | D        | Noticed a merfolk impaler
  4892 | D        | Identified the +3 lajatang "Vocoxkoi" {flame, rF+} (Trog
                  | gifted it to you in the Dungeon)
  4892 | D        | Received a gift from Trog
  4918 | D        | Killed a merfolk impaler
  4934 | D        | HP: 3/149 [merfolk/+0 trident of venom (18)]
  4939 | D        | HP: 5/149 [poisoned by a merfolk]
  4986 | D        | Slain by a snapping turtle

Illustrated notes

Levels and vault maps discovered:
D:        linesprint [early_d, line_temple, items_1, d_10, items_2, lair_1,
          lair_end, items_3, orc_1, orc_end, items_4, d_15, swamp_1, shoals_1,
          snake_1, spider_1, d_20, vaults_1, items_5, swamp_end, shoals_end,
          snake_end, spider_end, vaults_end, d_27, items_6, zot_1, zot_end,
          crypt_end, forest_end, elf_end, slime_end, tomb_end, abyss_end,
          pan_hell_end]

Skill      XL: |  1  2  3  4  5  6  7  8  9 10 11 12 13 |
---------------+----------------------------------------+-----
Fighting       | 5 6 7 10 12 14 16 17 19 22 23 | 23.7
Short Blades   | 4 5 6 10 12 14 16 18 20 21 22 | 22.7
Armour         | 3 5 7 8 10 13 17 20 | 20.5
Dodging        | 3 5 6 7 8 9 10 11 12 | 12.6
Stealth        | 1 2 3 4 |  4.3
Evocations     | 2 4 |  4.8
Throwing       | |  0.2

Action                   |  1- 3 |  4- 6 |  7- 9 | 10-12 | 13-15 || total
-------------------------+-------+-------+-------+-------+-------++-------
Melee: Short sword       |    13 |       |       |       |       ||    13
       Headbutt          |     4 |     1 |     9 |    94 |    23 ||   131
       Rapier            |       |     8 |    52 |   338 |    99 ||   497
       Punch             |       |       |     1 |     4 |     1 ||     6
Throw: Dart              |       |       |       |       |     5 ||     5
Invok: Berserk           |     2 |     1 |     2 |     8 |     3 ||    16
       Brothers in Arms  |       |       |       |     6 |       ||     6
Evoke: Wand              |       |       |       |     7 |     3 ||    10
  Use: Potion            |       |       |       |     2 |     5 ||     7
       Scroll            |       |       |       |     6 |       ||     6
Armor: Animal skin       |     2 |       |       |       |       ||     2
       Chain mail        |       |     5 |    17 |    54 |       ||    76
       Troll leather arm |       |       |       |    24 |    51 ||    75
Dodge: Dodged            |     5 |     2 |    11 |    82 |    39 ||   139

Table legend: (Time is in decaauts)
 A = Elapsed time spent in this place.
 B = Non-inter-level travel time spent in this place.
 C = Inter-level travel time spent in this place.
 D = Time resting spent in this place.
 E = Time spent auto-exploring this place.
 F = Levels seen in this place.
 G = Mean time per level.
                   A        B        C        D        E       F      G
               +--------+--------+--------+--------+--------+-----+--------+
         Total |   4868 |   4868 |      0 |   2011 |   1695 |   1 | 4868.0 |
       Dungeon |   4868 |   4868 |      0 |   2011 |   1695 |   1 | 4868.0 |
               +--------+--------+--------+--------+--------+-----+--------+

Top non-repeatable levels by time:
       D: 4868 daAuts
